AoeStats
← master

MegaRandom

510268275Analyzed
2v2 RM · 22h ago on Sep 30, 2026· 51m 50s· 4 players
Game mode
Random Map
Map size
Medium (4 player)
Population
200
Speed
Normal
Resources
Standard
Victory
Conquest
Starting age
Dark Age
Ending age
Imperial Age
RankedLock teamsTeams togetherTeam positionsShared explorationLock speedFull tech treeHidden civsTurbo modeCheats
Victory
Defeat
🇨🇳 Malians · China
1184
+17
🇨🇳 Mongols · China
1173
+17
🇵🇾 Turks · Paraguay
1213
-18
🇲🇽 Lithuanians · Mexico
1185
-16
master
5:18 Loom
9:25 Feudal Age
10:14 Double-Bit Axe
11:40 Wheelbarrow
13:35 Town Watch
15:34 Horse Collar
16:35 Forging
17:56 Scale Barding Armor
18:20 Fishing Lines
23:06 Castle Age
23:13 Bloodlines
24:04 Hand Cart
23:40 Gold Mining
23:40 Stone Mining
24:02 Bow Saw
26:06 Chain Barding Armor
25:13 Light Cavalry
27:57 Stone Shaft Mining
28:12 Fervor
33:09 Imperial Age
30:56 Heavy Plow
31:34 Iron Casting
30:51 Fletching
31:19 Fortified Wall
31:04 Murder Holes
32:04 Town Patrol
33:59 Hill Forts
34:20 Conscription
34:35 Hoardings
35:34 Sanctity
34:40 Elite Leitis
36:38 Plate Barding Armor
35:59 Bodkin Arrow
35:43 Elite Leitis
38:06 Chemistry
37:27 Ballistics
37:03 Murder Holes
37:18 Masonry
38:06 Bracer
42:47 Hoardings
phoebedavo
10:32 Feudal Age
10:59 Double-Bit Axe
11:00 Fishing Lines
12:01 Wheelbarrow
14:04 Loom
16:46 Horse Collar
19:16 Castle Age
17:22 Gold Mining
18:24 Fletching
19:25 Scale Barding Armor
20:31 Medium Warships
20:29 Bodkin Arrow
21:46 Gillnets
24:59 Chain Barding Armor
24:50 Forging
25:43 Heavy Plow
26:27 Bloodlines
26:19 Husbandry
27:27 Iron Casting
29:24 Hand Cart
肥肥猫
7:14 Loom
9:54 Feudal Age
15:05 Castle Age
13:24 Double-Bit Axe
23:05 Fletching
26:27 Bow Saw
27:05 Bodkin Arrow
29:26 Padded Archer Armor
29:56 Bloodlines
31:03 Ballistics
33:15 Gold Mining
33:27 Husbandry
35:00 Horse Collar
38:11 Wheelbarrow
41:34 Imperial Age
39:41 Stone Mining
40:27 Gold Shaft Mining
43:16 Stone Shaft Mining
43:26 Parthian Tactics
43:10 Bracer
44:19 Chemistry
42:45 Capped Ram
43:58 Elite Mangudai
46:08 Siege Ram
47:32 Drill
烧猪蹄
0:33 Loom
10:02 Feudal Age
11:29 Double-Bit Axe
20:49 Castle Age
25:17 Horse Collar
29:55 Wheelbarrow
32:05 Gold Mining
32:32 Heavy Plow
32:45 Bow Saw
35:59 Imperial Age
34:03 Fletching
34:55 Forging
34:45 Scale Mail Armor
34:22 Pikeman
36:26 Iron Casting
36:20 Hand Cart
36:11 Stone Mining
37:23 Conscription
40:49 Chain Mail Armor
40:40 Scale Barding Armor
44:27 Bloodlines
44:18 Husbandry
48:52 Plate Mail Armor
48:42 Chain Barding Armor
49:52 Light Cavalry
Connection lost

Rejoining the realm…

Still unreachable

The connection could not be restored.

Session expired

The server has moved on; the page needs a fresh start.